 Dungeon Crawl Stone Soup version 0.23.2-30-g0e89c35649 (webtiles) character file.

Game seed: 8147721664330556174

173 senseless the Slasher (level 5, -3/46 HPs)
             Began as a Draconian Monk on June 7, 2019.
             Killed by divine providence
             ... invoked by an orc priest
              (13 damage)
             ... on level 2 of the Dungeon.
             The game lasted 00:04:47 (1989 turns).

senseless the Slasher (Draconian Monk)              Turns: 1989, Time: 00:04:48

Health: -3/46      AC:  6    Str: 13    XL:     5   Next: 28%
Magic:  5/5        EV: 13    Int: 11    God:
Gold:   99         SH:  0    Dex: 14    Spells: 4/4 levels left

rFire    . . .     SeeInvis +   a - +1 falchion
rCold    . . .     Gourm    .   (no shield)
rNeg     . . .     Faith    .   (armour unavailable)
rPois    .         Spirit   .   (helmet restricted)
rElec    .         Reflect  .   o - +0 cloak
rCorr    .         Harm     .   (no gloves)
MR       .....                  (no boots)
Stlth    ++........             (no amulet)
HPRegen  0.15/turn              i - ring of see invisible
MPRegen  0.09/turn              (no ring)

@: slowed, very slow
A: unfitting armour, cold-blooded, AC +5
a: no special abilities


You were on level 2 of the Dungeon.
You were hungry.

You visited 1 branch of the dungeon, and saw 2 of its levels.

You collected 99 gold pieces.

Inventory:

Hand Weapons
 a - a +1 falchion (weapon)
Armour
 o - a +0 cloak (worn)
Jewellery
 i - a ring of see invisible (left hand)
Scrolls
 c - a scroll of remove curse
 d - a scroll of enchant armour
 f - a scroll of enchant weapon
 k - a scroll of identify {unknown}
 m - a scroll of magic mapping {unknown}
Potions
 e - 3 potions of flight {unknown}
 g - a potion of heal wounds {unknown}
 h - 3 potions of curing {unknown}
 j - a potion of invisibility {unknown}
 n - a potion of haste {unknown}
Comestibles
 b - 4 rations


   Skills:
 + Level 4.0 Fighting
 + Level 4.7 Long Blades
 + Level 3.4 Dodging
 + Level 2.4 Stealth


You had 4 spell levels left.
You didn't know any spells.
Your spell library was empty.

Dungeon Overview and Level Annotations

Branches:
Dungeon (2/15)

Altars:
Nemelex Xobeh


Innate Abilities, Weirdness & Mutations

Your plain brown scales are hard. (AC +5)
You cannot fit into any form of body armour.
You are cold-blooded and may be slowed by cold attacks.


Message History

The orc is severely wounded.
The orc priest invokes the aid of Beogh against you.
Beogh smites you!
Things that are here:
a +0 dagger; a +0 robe; an orc corpse You are too injured to fight recklessly!
You are too injured to fight recklessly!
You hit the orc.
You kill the orc!
The orc priest closely misses you.
You closely miss the orc priest. You tail-slap the orc priest.
The orc priest is moderately wounded.
The orc priest hits you with a +0 whip!
* * * LOW HITPOINT WARNING * * *
You hit the orc priest.
The orc priest is heavily wounded.
The orc priest hits you but does no damage.
The orc priest invokes the aid of Beogh against you.
Beogh smites you!
You die...

+....). #...#######..##.# #
#...... #..###$⌠ ##.##.###
.......###..# .. #.##....
.......+....#.......#.######
#......##...#.8...8.#....<..
#...).......#...o...#..#####
#########...#..o....#..#
...........#..o....#..#
.#######.#@#.8oo.8.#..#
###o#.......#..#
#.[(.........#
####....####.# .#### #.# .#
.# .. ##


You could see an orc priest.

Vanquished Creatures
  Crazy Yiuf (D:2)
  An orc wizard (D:2)
  A worker ant (D:2)
  3 adders (D:2)
  2 gnolls (D:1)
  A worm (D:2)
  3 orcs (D:2)
  A ball python (D:2)
  2 giant cockroaches (D:1)
  3 goblins (D:1)
  3 hobgoblins (D:1)
  7 jackals (D:1)
  2 bats
  3 frilled lizards
  7 kobolds
  3 rats
43 creatures vanquished.

Notes
Turn   | Place    | Note
-------+----------+-------------------------------------------
     0 | D:1      | senseless the Draconian Monk began the quest for the Orb.
     0 | D:1      | Reached XP level 1. HP: 19/19 MP: 1/1
   135 | D:1      | Reached XP level 2. HP: 24/26 MP: 2/2
   546 | D:1      | Reached XP level 3. HP: 28/31 MP: 3/3
   945 | D:2      | Reached XP level 4. HP: 26/40 MP: 4/4
  1478 | D:2      | Found a sparkling altar of Nemelex Xobeh.
  1597 | D:2      | Found a runed translucent door.
  1598 | D:2      | Noticed Crazy Yiuf
  1606 | D:2      | Killed Crazy Yiuf
  1892 | D:2      | Reached XP level 5. HP: 46/46 MP: 5/5
  1989 | D:2      | Killed from afar by an orc priest

Skill      XL: |  1  2  3  4 |
---------------+-------------+-----
Dodging        | 3 |  3.4
Stealth        | 2 |  2.4
Long Blades    | 4 |  4.7
Fighting       | 4 |  4.0

Action                   |  1- 3 |  4- 6 || total
-------------------------+-------+-------++-------
Melee: Falchion          |    87 |    42 ||   129
       Tailslap          |     7 |    10 ||    17
  Use: Scroll            |     4 |       ||     4
 Stab: Sleeping          |     4 |     2 ||     6
  Eat: Chunk             |       |     3 ||     3
Armor: Skin              |    20 |     5 ||    25
Dodge: Dodged            |    70 |    24 ||    94
       Rpst.: Falchion   |    23 |     9 ||    32
